 Dungeon Crawl Stone Soup version 0.25-a0-890-g62861fb195 (webtiles) character file.

Game seed: 6362455428125742848, levelgen mode: deterministic

41430 Esekla the Carver (level 14, -3/111 HPs)
             Began as a Formicid Conjurer on May 2, 2020.
             Was a High Priest of Ashenzari.
             Killed from afar by an orc sorcerer (16 damage)
             ... with a bolt of fire
             ... on level 2 of the Orcish Mines.
             The game lasted 03:20:39 (20839 turns).

Esekla the Carver (Formicid Conjurer)              Turns: 20839, Time: 03:20:40

Health: -3/111     AC: 12    Str: 14    XL:     14   Next: 50%
Magic:  26/26      EV: 16    Int: 17    God:    Ashenzari [*****.]
Gold:   317        SH:  5    Dex: 13    Spells: 12/30 levels left

rFire    . . .     SeeInvis +   T - +5 scimitar (elec) (curse)
rCold    . . .     Gourm    .   y - +0 buckler
rNeg     . . .     Faith    .   L - +4 troll leather armour (curse)
rPois    .         Spirit   .   (helmet unavailable)
rElec    .         Reflect  .   g - +2 cloak (curse)
rCorr    .         Harm     .   (no gloves)
MR       ++...     Clarity  +   (no boots)
Stlth    ++........             W - amulet of the acrobat
HPRegen  0.68/turn              z - +2 ring of evasion (curse)
MPRegen  0.20/turn              i - ring of Red Wine {MR+ Slay+2} (curse)

@: lightly drained
A: permanent stasis, dig shafts and tunnels, four strong arms, antennae 3
a: Dig, Shaft Self, Curse Item, Scrying, Transfer Knowledge, Renounce Religion


You were on level 2 of the Orcish Mines.
You worshipped Ashenzari.
Ashenzari was extremely pleased with you.
You were very hungry.

You visited 4 branches of the dungeon, and saw 18 of its levels.
You also visited: Sewer and Ossuary.

You collected 1692 gold pieces.
You spent 1375 gold pieces at shops.

Inventory:

Hand Weapons
 x - the +3 hand axe of Kismet {speed, rPois rC+ MR+ Str-3}
   (You took it off an orc on level 10 of the Dungeon)

   Attacks with this weapon are significantly faster.
   It affects your strength (-3).
   It protects you from cold.
   It protects you from poison.
   It affects your resistance to hostile enchantments.
 C - a +2 great sword of protection
 E - a +3 long sword
 M - a +4 halberd
 T - a cursed +5 scimitar of electrocution (weapon)
Missiles
 a - 5 boomerangs of dispersal
 l - 58 boomerangs
 s - 16 poisoned darts (quivered)
 A - 10 javelins
Armour
 g - a cursed +2 cloak (worn)
 k - the +2 leather armour of Wyzut {+Inv MR+}
   (You bought it in a shop on level 9 of the Dungeon)

   It affects your resistance to hostile enchantments.
   It lets you turn invisible.
 y - a +0 buckler (worn)
 G - a +2 robe of magic resistance
 L - a cursed +4 troll leather armour (worn)
 Y - a +2 robe of resistance
Jewellery
 i - the cursed ring of Red Wine (right hand) {MR+ Slay+2}
   (You bought it in a shop on level 1 of the Orcish Mines)

   [ring of protection from magic]

   It affects your accuracy and damage with ranged weapons and melee attacks
   (+2).
   It affects your resistance to hostile enchantments.
   It has a curse placed upon it.
 z - a cursed +2 ring of evasion (left hand)
 F - the ring "Xegorotz" {MR+ Int+6 Dex+7 Slay-6}
   (You found it on level 6 of the Dungeon)

   [ring of intelligence]

   It affects your intelligence (+6).
   It affects your dexterity (+7).
   It affects your accuracy and damage with ranged weapons and melee attacks
   (-6).
   It affects your resistance to hostile enchantments.
 O - an uncursed ring of protection from fire
 Q - an uncursed ring of fire
 V - the ring "Viorrem" {Fire MP+9 Stlth+}
   (You found it on level 10 of the Dungeon)

   [ring of fire]

   It enhances your fire magic.
   It protects you from fire.
   It makes you vulnerable to cold.
   It affects your magic capacity (+9).
   It makes you more stealthy.
 W - an amulet of the acrobat (around neck)
Wands
 j - a wand of polymorph (12)
 n - a wand of acid (29)
 p - a wand of iceblast (10)
 N - a wand of flame (10)
 P - a wand of random effects (38)
 S - a wand of disintegration (8)
 X - a wand of paralysis (1)
Scrolls
 b - 3 scrolls of magic mapping
 f - a scroll of fear
 h - 2 scrolls of remove curse
 m - 3 scrolls of fog
 t - 2 scrolls of amnesia
 w - 4 scrolls of enchant armour
 D - 2 scrolls of identify
Potions
 d - 9 potions of curing
 e - 3 potions of might
 o - 4 potions of brilliance
 r - 4 potions of lignification
 u - a potion of invisibility
 v - 3 potions of cancellation
 B - 2 potions of flight
 I - a potion of stabbing
 R - 2 potions of magic
 U - 2 potions of resistance
Miscellaneous
 q - a lightning rod (4/4)
Comestibles
 c - 26 rations


   Skills:
 * Level 10.7(10.1) Fighting
 * Level 13.7(16.5) Long Blades
 + Level 0.1(0.0) Axes
 - Level 2.0(1.5) Throwing
 + Level 5.6(5.0) Armour
 + Level 5.6(5.0) Dodging
 - Level 2.4(1.8) Stealth
 + Level 7.5(6.9) Shields
 * Level 8.9(8.3) Spellcasting
 + Level 6.0(8.1) Conjurations
 + Level 5.4(7.4) Hexes
 * Level 4.2(6.1) Necromancy
 + Level 2.1(3.6) Translocations
 * Level 6.7(8.8) Evocations


You had 12 spell levels left.
You knew the following spells:

 Your Spells              Type           Power        Failure   Level  Hunger
a - Apportation           Tloc           ###...       2%          1    None
b - Dazzling Flash        Conj/Hex       ####..       1%          3    #......
d - Magic Dart            Conj           ####         1%          1    None
e - Searing Ray           Conj           ####..       1%          2    None
l - Fulminant Prism       Conj/Hex       ####......   4%          4    ###....
v - Vampiric Draining     Necr           ####......   3%          3    #......
y - Iskenderun's Mystic   Conj/Tloc      ####....     11%         4    ###....

Your spell library contained the following spells:

 Spells                   Type           Power        Failure   Level  Hunger
 Animate Skeleton         Necr           N/A          1%          1    None
 Corona                   Hex            ####...      1%          1    None
 Pain                     Necr           ####         1%          1    None
 Confusing Touch          Hex            ####....     1%          3    #......
 Gell's Gravitas          Tloc           ###.......   9%          3    #......
 Animate Dead             Necr           N/A          10%         4    ###....
 Summon Small Mammal      Summ           #...         12%         1    None
 Agony                    Necr           ####....     26%         5    #####..
 Metabolic Englaciation   Hex/Ice        ###.......   58%         5    #####..
 Yara's Violent Unravell  Hex/Tmut       ###.......   58%         5    #####..
 Petrify                  Tmut/Erth      #.......     77%         4    ###....


Dungeon Overview and Level Annotations

Branches:
Dungeon (13/15)            Temple (1/1) D:6            Lair (2/6) D:8
  Swamp (0/4) Lair:2       Spider (0/4) Lair:2          Orc (2/2) D:12
    Elf (0/3) Orc:2         Sewer (visited)         Ossuary (visited)
 Vaults: D:13-14

Altars:
Ashenzari
Cheibriados
Dithmenos
Elyvilon
Fedhas
Gozag
Hepliaklqana
Kikubaaqudgha
Makhleb
Nemelex Xobeh
Okawaru
Qazlal
Ru
Sif Muna
Trog
Uskayaw
Vehumet
Wu Jian
Xom
Yredelemnul
Zin
The Shining One

Shops:
D:7 (   D:9 *   D:13 =   Orc:1 *=[(

Annotations:
D:8 3 runed translucent doors, kae's ghost, novice HOFi
Orc:2 1 runed translucent door, sixsigma's ghost, journeyman GnWz


Innate Abilities, Weirdness & Mutations

You cannot be hasted, slowed, berserked, paralysed or teleported.
You can dig through walls and to a lower floor.
Your four strong arms can wield two-handed weapons with a shield.
You have a pair of large antennae on your head. (SInv)


Message History

The orc sorcerer is moderately wounded.
As you read the scroll of fear, it crumbles to dust.
You assume a fearsome visage.
The red devil is unaffected.
The orc knight looks frightened!
The orc sorcerer looks frightened!
The orc warrior looks frightened!
The red devil closely misses you.
You hit the orc sorcerer.
Lightning courses through the orc sorcerer!
Your attack snaps the orc sorcerer out of its fear.
The orc sorcerer is severely wounded.
You hit the orc sorcerer.
The orc sorcerer is almost dead.
The orc sorcerer casts a spell at you. The bolt of negative energy hits you!!
You feel drained.
* * * LOW HITPOINT WARNING * * *
You closely miss the orc sorcerer.
The orc sorcerer is almost dead.
The red devil misses you.
The orc sorcerer gestures at you while chanting.
The bolt of fire hits you!
You die...

#.##.....##....#[(..........#
...#*#........##............#
#.## ##......##..o..........#
.### ###...####............#
.#.########## ##[...##....##
.......####.####(...........#
........#.....#)...#.##....##
.......#.....[4)[.#...##....#
.#.........##.#o@.....##...##
#......##...#####.#...###.##
.#.....###.## ###..## ###
......## ### #...# ....#.##
##..## .......## #...#
#...#...# ##.## ....##.## ###
.#.#####


You could see an orc sorcerer, a red devil and an orc warrior (fleeing).

Vanquished Creatures
  Gastronok (D:9)
  Nessos (D:12)
  Fannar (D:11)
  Josephine (D:10)
  Harold (Lair:1)
  2 centaur warriors (D:13)
  2 two-headed ogres (D:11)
  3 orc high priests (Orc:2)
  3 unseen horrors
  5 orc knights
  3 ugly things
  3 orc sorcerers (Orc:2)
  2 cyclopes
  2 slime creatures (D:12)
  A black mamba (Lair:1)
  3 spiny frogs
  A komodo dragon (D:13)
  5 trolls
  A queen bee (D:11)
  Prince Ribbit (D:9)
  2 hornets
  2 hippogriffs (Lair:1)
  A meliai zombie (D:13)
  28 yaks
  A shadow (D:13)
  3 wraiths (D:10)
  3 wyverns
  A vampire (D:12)
  A basilisk (D:13)
  A human (shapeshifter) (D:13)
  3 hungry ghosts
  2 wargs
  5 water moccasins
  An acid dragon (D:12)
  12 porcupines
  A hornet zombie (D:13)
  35 orc warriors
  2 sky beasts
  An ice beast (D:9)
  5 black bears
  An eye of draining (D:11)
  2 necrophages
  3 phantoms
  5 ogres
  19 centaurs
  2 crocodiles
  A big kobold (Sewer)
  12 bullfrogs
  A wyvern zombie (D:6)
  9 scorpions
  3 troll zombies (D:12)
  21 killer bees
  10 howler monkeys
  7 wights
  6 bullfrog zombies
  2 centaur zombies
  2 crimson imps
  2 quasits
  17 orc priests
  6 hounds
  2 jellies
  3 iguanas
  2 bullfrog skeletons
  Jessica (D:2)
  28 orc wizards
  11 worker ants
  2 killer bee zombies (Ossuary)
  5 ogre zombies (D:12)
  2 hound zombies
  16 mummies
  A howler monkey zombie (Ossuary)
  5 worker ant zombies
  12 adders
  11 gnolls
  2 river rats (Sewer)
  4 shadow imps
  A white imp (D:4)
  5 oozes
  An adder skeleton (D:9)
  4 worms
  9 leopard geckos
  109 orcs
  7 ball pythons (Sewer)
  8 giant cockroaches
  3 goblins
  7 hobgoblins
  17 jackals
  2 quokkas
  5 frilled lizards
  3 giant cockroach zombies
  A goblin skeleton (D:12)
  4 goblin zombies
  A hobgoblin skeleton (D:12)
  5 hobgoblin zombies
  A jackal skeleton (D:5)
  A jackal zombie (Ossuary)
  12 kobolds
  3 kobold zombies
  6 leopard gecko zombies
  5 orc skeletons
  19 orc zombies
  A quokka zombie (D:8)
  9 rats
  2 rat zombies (D:2)
  A butterfly (Lair:1)
642 creatures vanquished.

Vanquished Creatures (others)
  2 orc priests (Orc:2)
  3 orcs
  A quokka (D:6)
  3 fulminant prisms (D:8)
  24 fungi (D:8)
  2 plants (D:8)
  A withered plant (Ossuary)
36 creatures vanquished.

Grand Total: 678 creatures vanquished

Notes
Turn   | Place    | Note
-------+----------+-------------------------------------------
     0 | D:1      | Esekla the Formicid Conjurer began the quest for the Orb.
     0 | D:1      | Reached XP level 1. HP: 13/13 MP: 3/3
   497 | D:2      | Found an ancient bone altar of Kikubaaqudgha.
   623 | D:2      | Reached skill level 1 in Armour
   623 | D:2      | Reached XP level 2. HP: 19/20 MP: 0/5
   628 | D:2      | Learned a level 2 spell: Searing Ray
   921 | D:4      | Noticed a scorpion
  1145 | D:3      | Reached XP level 3. HP: 25/25 MP: 3/6
  1224 | D:2      | Found a shattered altar of Ashenzari.
  1233 | D:2      | Became a worshipper of Ashenzari the Shackled
  1276 | D:2      | Noticed Jessica
  1283 | D:2      | Killed Jessica
  1283 | D:2      | Reached skill level 1 in Fighting
  1283 | D:2      | Reached XP level 4. HP: 32/32 MP: 2/8
  1314 | D:2      | Noticed an ogre
  2085 | D:2      | Killed an ogre
  2085 | D:2      | Reached skill level 1 in Long Blades
  2085 | D:2      | Reached XP level 5. HP: 24/37 MP: 2/9
  2324 | D:3      | Reached XP level 6. HP: 25/44 MP: 4/10
  2963 | D:2      | Found a basalt altar of Yredelemnul.
  3026 | D:2      | Found a white marble altar of Elyvilon.
  3450 | D:4      | Reached skill level 2 in Long Blades
  3454 | D:4      | Noticed a sky beast
  3462 | D:4      | Killed a sky beast
  3462 | D:4      | Reached XP level 7. HP: 15/50 MP: 4/12
  3782 | D:4      | Found a glowing golden altar of the Shining One.
  3906 | D:4      | Reached skill level 3 in Long Blades
  4246 | D:4      | Found a radiant altar of Vehumet.
  4298 | D:5      | Entered Level 5 of the Dungeon
  4633 | D:5      | Found a glowing drain.
  4678 | Sewer    | Entered a sewer
  4774 | Sewer    | Reached * piety under Ashenzari
  4905 | Sewer    | Reached skill level 1 in Throwing
  5002 | Sewer    | Reached skill level 1 in Shields
  5255 | Sewer    | Reached XP level 8. HP: 48/57 MP: 8/13
  5800 | D:6      | Reached skill level 4 in Long Blades
  6060 | D:6      | Found a sand-covered staircase.
  6101 | Ossuary  | Entered an ossuary
  6447 | Ossuary  | Reached skill level 5 in Conjurations
  6557 | Ossuary  | Learned a level 3 spell: Dazzling Flash
  6755 | Ossuary  | Reached skill level 1 in Hexes
  6761 | Ossuary  | Reached XP level 9. HP: 65/65 MP: 6/16
  7127 | D:6      | Reached skill level 5 in Spellcasting
  7216 | D:6      | Found a staircase to the Ecumenical Temple.
  7295 | Temple   | Entered the Ecumenical Temple
  7617 | D:6      | Noticed an unseen horror
  7658 | D:6      | Killed an unseen horror
  7658 | D:6      | Reached skill level 5 in Long Blades
  7843 | D:6      | Got the uncursed ring mail of Vehumet's Delight {rN+ Str+3}
  7892 | D:6      | Identified the +2 ring mail of Vehumet's Delight {rN+
                  | Str+3} (You found it on level 6 of the Dungeon)
  7897 | D:6      | Learned a level 4 spell: Fulminant Prism
  7902 | D:6      | Learned a level 4 spell: Iskenderun's Mystic Blast
  8344 | D:6      | Noticed an unseen horror
  8346 | D:6      | Identified the ring "Xegorotz" {MR+ Int+6 Dex+7 Slay-6}
  8354 | D:6      | Killed an unseen horror
  8354 | D:6      | Reached skill level 5 in Fighting
  8354 | D:6      | Reached skill level 6 in Long Blades
  8354 | D:6      | Reached skill level 1 in Translocations
  8354 | D:6      | Reached XP level 10. HP: 56/74 MP: 11/18
  8635 | D:7      | Reached skill level 5 in Armour
  8773 | D:7      | Found a shadowy altar of Dithmenos.
  9180 | D:7      | Found a glowing silver altar of Zin.
  9192 | D:7      | Found Kyw Qov's Antique Weapon Boutique.
  9581 | D:8      | Reached ** piety under Ashenzari
  9610 | D:8      | Reached skill level 7 in Long Blades
  9610 | D:8      | Reached skill level 5 in Shields
  9610 | D:8      | Reached skill level 5 in Hexes
 10099 | D:8      | Found a staircase to the Lair.
 10119 | D:8      | Found a runed translucent gate.
 10119 | D:8      | Found a runed translucent gate.
 10119 | D:8      | Found a runed translucent gate.
 10120 | D:8      | Noticed kae's ghost (novice HOFi)
 10335 | D:8      | Found an iron altar of Okawaru.
 10612 | D:7      | Bought a runed scimitar for 224 gold pieces
 10836 | D:8      | Reached XP level 11. HP: 81/81 MP: 16/20
 10956 | D:9      | Found Zeoqemok's Assorted Antiques.
 10959 | D:9      | Bought a fizzy ruby potion for 20 gold pieces
 10959 | D:9      | Bought a crude leather armour for 161 gold pieces
 10959 | D:9      | Bought a scroll of enchant weapon for 172 gold pieces
 10969 | D:9      | Identified the +2 leather armour of Wyzut {+Inv MR+} (You
                  | bought it in a shop on level 9 of the Dungeon)
 10982 | D:9      | Noticed Prince Ribbit
 11014 | D:9      | Killed Prince Ribbit
 11035 | D:9      | Reached skill level 8 in Long Blades
 11045 | D:9      | Found a shimmering altar of Xom.
 11049 | D:9      | Reached skill level 1 in Evocations
 11164 | D:9      | Learned a level 1 spell: Apportation
 11167 | D:9      | Noticed Gastronok
 11753 | D:9      | Killed Gastronok
 11753 | D:9      | Reached skill level 9 in Long Blades
 12192 | D:9      | Found a hazy altar of Hepliaklqana.
 12200 | D:9      | Found a glowing golden altar of the Shining One.
 12209 | D:9      | Found a stormy altar of Qazlal.
 12305 | D:9      | Reached *** piety under Ashenzari
 12319 | D:10     | Entered Level 10 of the Dungeon
 12319 | D:10     | Noticed a two-headed ogre
 12661 | D:10     | Identified the ring "Viorrem" {Fire MP+9 Stlth+}
 12669 | D:10     | You fall into a shaft and drop 2 floors!
 12968 | D:12     | Noticed a cyan ugly thing
 13288 | D:11     | Killed a two-headed ogre
 13498 | D:10     | Identified the +3 hand axe of Kismet {speed, rPois rC+ MR+
                  | Str-3}
 13619 | D:10     | Reached skill level 10 in Long Blades
 13619 | D:10     | Reached XP level 12. HP: 91/91 MP: 17/22
 13662 | D:10     | Noticed an unseen horror
 13670 | D:10     | Killed an unseen horror
 13804 | D:10     | Noticed Josephine
 13945 | D:10     | Killed Josephine
 14069 | D:11     | Noticed a two-headed ogre
 14148 | D:11     | Learned a level 3 spell: Vampiric Draining
 14389 | D:11     | Reached skill level 1 in Necromancy
 14556 | D:11     | Noticed Fannar
 14570 | D:11     | You fall into a shaft and drop 2 floors!
 14675 | D:13     | Found Guzol's Jewellery Emporium.
 14825 | D:13     | Found a blossoming altar of Fedhas.
 14841 | D:13     | Reached skill level 11 in Long Blades
 15304 | D:12     | Found a staircase to the Orcish Mines.
 15507 | D:12     | Noticed Nessos
 15517 | D:12     | Killed Nessos
 15679 | D:13     | Reached **** piety under Ashenzari
 15699 | D:13     | Identified the +9 plate armour "Kuxue" {rPois rC+}
 15730 | D:11     | Killed a two-headed ogre
 15730 | D:11     | Reached skill level 5 in Evocations
 15730 | D:11     | Reached XP level 13. HP: 100/100 MP: 18/25
 16005 | D:11     | Found a stormy altar of Qazlal.
 16025 | D:11     | Killed Fannar
 16300 | D:9      | Identified the +9 plate armour "Kuxue" {rPois rC+}
 16319 | D:9      | Bought a fuming emerald potion for 20 gold pieces
 16319 | D:9      | Bought a lead wand for 92 gold pieces
 16397 | D:13     | Noticed a vault guard
 16435 | D:13     | Reached skill level 12 in Long Blades
 16758 | D:13     | Noticed a centaur warrior
 16758 | D:13     | Noticed a centaur warrior
 16775 | D:13     | Killed a centaur warrior
 16781 | D:13     | Killed a centaur warrior
 16879 | D:13     | Noticed a vault guard
 17082 | Lair:1   | Entered Level 1 of the Lair of Beasts
 17082 | Lair:1   | Found a shadowy altar of Dithmenos.
 17460 | Lair:1   | Identified the cursed +0 arbalest "Sadyer" {elec, rElec
                  | Str+4}
 17508 | Lair:1   | Noticed Harold
 17517 | Lair:1   | Killed Harold
 17517 | Lair:1   | Reached skill level 5 in Dodging
 17532 | Lair:1   | Noticed a four-headed hydra
 17535 | Lair:1   | You fall into a shaft and drop 1 floor!
 17732 | Lair:2   | Reached skill level 10 in Fighting
 17887 | Lair:2   | Found a hole to the Spider Nest.
 17960 | Lair:2   | Noticed a five-headed hydra
 18115 | Lair:2   | Reached ***** piety under Ashenzari
 18283 | Orc:1    | Entered Level 1 of the Orcish Mines
 18283 | Orc:1    | Found Lunuesi's Antique Armour Emporium.
 18337 | Orc:1    | Reached skill level 13 in Long Blades
 18337 | Orc:1    | Reached XP level 14. HP: 100/110 MP: 26/26
 18592 | Orc:1    | Found Bolia's Jewellery Shoppe.
 18607 | Orc:1    | Found Oqawn's Assorted Antiques.
 18695 | Orc:1    | Found Woesch's Weapon Shoppe.
 18729 | Orc:2    | Entered Level 2 of the Orcish Mines
 18930 | Orc:2    | Found a staircase to the Elven Halls.
 19168 | Orc:2    | Found a runed translucent door.
 19168 | Orc:2    | Found a shimmering altar of Xom.
 19168 | Orc:2    | Noticed sixsigma's ghost (journeyman GnWz)
 19341 | Orc:1    | Bought the ring of Red Wine {MR+ Slay+2} for 686 gold
                  | pieces
 19422 | Orc:1    | You fall into a shaft and drop 1 floor!
 20839 | Orc:2    | Killed from afar by an orc sorcerer

Levels and vault maps discovered:
D:1:      dpeg_arrival_court, layout_basic
D:2:      layout_basic, kennysheep_ying_yang, lemuel_zombie_altar_kikubaaqudgha,
          evilmike_ruin_ashenzari, uniq_jessica
D:3:      layout_loops_cross
D:4:      layout_rooms, kennysheep_mini_moat, first_ration,
          nicolae_tso_besieged_by_evil
D:5:      layout_basic, gup_sewer_entry_spiral
D:6:      kennysheep_windowed_halls, layout_loops_ring,
          minmay_temple_entry_slanted, nicolae_ossuary_entry_giza
D:7:      layout_loops_ring, nicolae_dithmenos_shadow_blocks, zin_academy,
          serial_shops, shop
D:8:      layout_basic, okawaru_trees_2, due_lair_maze_entry_diamond,
          gammafunk_ghost_spectres
D:9:      layout_rooms, xom_teletrap_fun, grunt_temple_overflow_diamond,
          serial_shops, kennysheep_mini, uniq_gastronok, uniq_prince_ribbit1
D:10:     layout_basic, uniq_josephine
D:11:     layout_loops_ring, david_nohive_1, nicolae_qazlal_style_of_elements,
          uniq_fannar
D:12:     layout_stronghold, zombieorc2_lemuel, uniq_nessos
D:13:     layout_roguey, grunt_vaults_entry_fortified, serial_shops,
          kennysheep_little_box, fedhas_altar_2, uniq_rupert
Temple:   jpeg_temple_clearing
Lair:1:   layout_long_grid, basic_altar, lemuel_fruit_fields, uniq_harold
Lair:2:   layout_cave_shapes, palyth_hydra_swamp_entry, spider_nest_entry_a
Orc:1:    layout_caves, serial_shops, nicolae_shop_behind_doors,
          nicolae_shop_crystal, shop, shop
Orc:2:    grunt_orc_tribal_feast, layout_caves, ebering_ghost_xom

Skill      XL: |  1  2  3  4  5  6  7  8  9 10 11 12 13 14 |
---------------+-------------------------------------------+-----
Armour         | 1 2 3 4 5 |  5.6
Dodging        | 2 3 4 5 |  5.6
Fighting       | 1 2 3 5 7 8 10 | 10.7
Conjurations   | 4 5 6 |  6.0
Long Blades    | 1 2 3 4 6 7 10 11 13 | 13.7
Spellcasting   | 3 4 5 6 7 8 |  8.9
Throwing       | 1 2 |  2.0
Shields        | 1 2 4 5 6 7 |  7.5
Hexes          | 1 4 5 |  5.4
Translocations | 1 2 |  2.1
Evocations     | 3 5 6 |  6.7
Necromancy     | 1 3 4 |  4.2
Axes           | |  0.1
Stealth        | |  2.4

Action                   |  1- 3 |  4- 6 |  7- 9 | 10-12 | 13-15 || total
-------------------------+-------+-------+-------+-------+-------++-------
Melee: Hand axe          |     9 |       |       |       |       ||     9
       Falchion          |     3 |    61 |   161 |    70 |       ||   295
       Scimitar          |       |       |       |   351 |   540 ||   891
Throw: Dart              |       |    15 |    21 |    35 |    73 ||   144
       Boomerang         |       |       |    33 |    25 |       ||    58
 Cast: Magic Dart        |    13 |    12 |    25 |    13 |       ||    63
       Searing Ray       |     3 |    13 |    69 |    76 |    36 ||   197
       Fulminant Prism   |       |       |       |     3 |       ||     3
       Apportation       |       |       |       |     1 |       ||     1
Invok: Curse Item        |     1 |       |     1 |     4 |     1 ||     7
 Abil: Shaft Self        |       |       |       |     2 |     2 ||     4
       Evoke Invisibilit |       |       |       |     1 |       ||     1
Evoke: Wand              |       |       |       |     2 |       ||     2
  Use: Scroll            |       |     6 |     5 |    22 |     4 ||    37
       Potion            |       |       |       |     5 |     2 ||     7
 Stab: Sleeping          |     2 |     3 |     4 |     2 |     2 ||    13
       Paralysed         |       |       |       |     5 |       ||     5
       Distracted        |       |       |       |     1 |       ||     1
  Eat: Chunk             |     1 |     8 |    14 |    24 |    16 ||    63
       Ration            |       |       |     1 |     1 |       ||     2
Armor: Robe              |     4 |    10 |       |       |       ||    14
       Leather armour    |       |     5 |    26 |    32 |       ||    63
       Ring mail         |       |       |     7 |    22 |       ||    29
       Skin              |       |       |       |    18 |       ||    18
       Troll leather arm |       |       |       |    48 |   122 ||   170
Dodge: Dodged            |     9 |    56 |   161 |   406 |   384 ||  1016
Block: Buckler           |       |       |    37 |   126 |   154 ||   317
       Rpst.: Falchion   |       |    16 |    37 |    16 |       ||    69
       Scimitar          |       |       |       |    90 |   114 ||   204

Table legend:
 A = Non-vault XP
 B = Vault XP
 C = Vault XP percentage of total XP
 D = Non-vault monster count
 E = Vault monster count
 F = Vault count percentage of total count
                 A         B        C        D         E       F
            +---------+---------+-------+---------+---------+-------
      Total |   40267 |   18920 |  32.0 |     451 |     190 |  29.6
            +---------+---------+-------+---------+---------+-------
        D:1 |      45 |       0 |   0.0 |      13 |       0 |   0.0
        D:2 |     165 |      39 |  19.1 |      14 |       3 |  17.6
        D:3 |      88 |       0 |   0.0 |      18 |       0 |   0.0
        D:4 |     505 |      21 |   4.0 |      19 |      12 |  38.7
        D:5 |     132 |      24 |  15.4 |      16 |       6 |  27.3
        D:6 |     717 |    2125 |  74.8 |      18 |      17 |  48.6
        D:7 |     850 |       0 |   0.0 |      20 |       0 |   0.0
        D:8 |    1663 |    1150 |  40.9 |      29 |      10 |  25.6
        D:9 |    1875 |    2482 |  57.0 |      32 |       2 |   5.9
       D:10 |    3446 |    1677 |  32.7 |      29 |       4 |  12.1
       D:11 |    4330 |    2241 |  34.1 |      23 |      17 |  42.5
       D:12 |    2748 |    2174 |  44.2 |      21 |      37 |  63.8
       D:13 |    6310 |       0 |   0.0 |      35 |       0 |   0.0
     Lair:1 |    4355 |     981 |  18.4 |      22 |       1 |   4.3
     Lair:2 |    4488 |       0 |   0.0 |      24 |       0 |   0.0
      Orc:1 |    1980 |     130 |   6.2 |      40 |       1 |   2.4
      Orc:2 |    6570 |    5010 |  43.3 |      78 |      21 |  21.2
      Sewer |       0 |     201 | 100.0 |       0 |      28 | 100.0
    Ossuary |       0 |     665 | 100.0 |       0 |      31 | 100.0
            +---------+---------+-------+---------+---------+-------
